 Dungeon Sprint DCSS version 0.30-a0-852-g08b95dd62f (webtiles) character file.

Game seed: 17343948682743270504

1425 dialectric the Martial Artist (level 8, -14/63 HPs)
             Began as an Octopode Transmuter on Mar 5, 2023.
             Was an Initiate of Jiyva.
             Demolished by a tentacle (21 damage)
             ... attached to a kraken
             ... in the Dungeon (Sprint II: "The Violet Keep of Menkaure").
             The game lasted 00:01:30 (180 turns).

dialectric the Martial Artist (Octopode Transmuter)  Turns: 180, Time: 00:01:31

Health: -14/63     AC:  1    Str:  9    XL:     8   Next: 72%
Magic:  13/13      EV: 16    Int: 15    God:    Jiyva [......]
Gold:   972        SH:  0    Dex: 13    Spells: 9/13 levels left

rFire   . . .      SeeInvis .      - Unarmed
rCold   . . .      Faith    .    (no shield)
rNeg    . . .      Spirit   .    (helmet restricted)
rPois   .          Reflect  .    (no amulet)
rElec   .          Rampage  .    (no ring)
rCorr   .          NoTele   +    (no ring)
Will    .....                    (no ring)
Stlth   +++                      (no ring)
HPRegen 0.30/turn                (no ring)
MPRegen 0.13/turn                (no ring)
                                 (no ring)
                                 (no ring)

@: no status effects
A: almost no armour, amphibious, 8 rings, camouflage 1, gelatinous body 1,
nimble swimmer 1, tentacles, weak 1, devolution 1
a: Renounce Religion


You were in the Dungeon.
You worshipped Jiyva.
Jiyva was noncommittal.
You visited 1 branch You collected 972 gold pieces.

Inventory:

Scrolls
 g - a scroll of blinking
Potions
 d - a potion of haste
 e - 2 potions of magic


   Skills:
 * Level 8.9 Fighting
 + Level 7.1 Dodging
 + Level 14.8 Unarmed Combat
 - Level 3.3 Spellcasting
 - Level 3.2 Transmutations


You had 9 spell levels left.
You knew the following spells:

 Your Spells              Type           Power      Damage    Failure   Level
a - Beastly Appendage     Tmut           24%        N/A       4%          1
b - Spider Form           Tmut/Pois      7%         N/A       30%         3

Your spell library contained the following spells:

 Spells                   Type           Power      Damage    Failure   Level
 Wereblood                Tmut           12%        N/A       8%          2
 Ice Form                 Ice/Tmut       7%         N/A       69%         4


Dungeon Overview and Level Annotations

Branches:
Dungeon (1/1)

Altars:
Cheibriados
Dithmenos
Elyvilon
Fedhas
Gozag
Hepliaklqana
Kikubaaqudgha
Makhleb
Nemelex Xobeh
Okawaru
Qazlal
Ru
Sif Muna
Trog
Uskayaw
Vehumet
Wu Jian
Xom
Yredelemnul
Zin
The Shining One
Jiyva
Lugonu

Shops:
D !=

Annotations:
D exclusion: ice statue


Innate Abilities, Weirdness & Mutations

You cannot wear most types of armour.
You are amphibious.
You can wear up to eight rings at the same time.
Your skin changes colour to match your surroundings (Stealth+).
Your rubbery body absorbs attacks. (AC +1, EV +1)
You are camouflaged when in or above water. (Stealth+)
You have tentacles for arms and can constrict up to eight enemies at once.
You are weak. (Str -2)
You have hidden genetic defects.


Message History

Found nine items.
Found three altars.
Found a potion of curing.
There is a snail-covered altar of Cheibriados here.
There is a viscous altar of Jiyva here.
You curl up in front of the altar of Jiyva.
Jiyva welcomes you!
Unknown command.
Press < or > to pray at altars.
You hear a distant slurping noise. x5
Found a scroll labelled MOVOFI HOKHLOCW.
You hear a distant slurping noise. x6
There is a shadowy altar of Dithmenos here.
Found 6 stones.
You hear a distant slurping noise. x3
You hear a distant slurping noise. x3
You hear a distant slurping noise. x2
You hear a distant slurping noise.
There is an open door here.
You enter the shallow water.
You hear a distant slurping noise. x3
Found three items.
You hear a distant slurping noise.
Found thirteen items.
You hear a distant slurping noise. x2
Found six items.
You hear a distant slurping noise.
Found five items.
You hear a distant slurping noise.
Okay, then.
You hear a distant slurping noise.
A kraken comes into view.
Tentacles burst out of the water!
You hear a distant slurping noise. 3 tentacles come into view.
The tentacle slaps you!!
* * * LOW HITPOINT WARNING * * *
You hear a distant slurping noise.
A tentacle comes into view.
The tentacle slaps you!!
You die...

# +.### |▓|$!$)?([▓▓ #
^..# #▓$[))[?)(▓▓ ## #.^#
#▓![[(|:!?▓▓ .# +..#
#▓!$=)?!?!▓▓ .# #^.#
#▓?(!((?$$▓▓
.####..####▓?$"[?$$$▓▓
...###...##▓▓▓▓▓▓▓+▓▓▓▓+▓
.§...~~~~~~~~~~~@w──wXw≈▓
.....~#'########+###V≈w≈▓
§~~..~#....._._#~~~# ≈≈▓
~~~~.~#...._._.#~§§≈# ▓
§~~§~~#..._._._#~§~§≈#
§§≈~~~#.._._._.#§~S≈§≈
§≈≈≈≈~#._._._._#§~~~~§
≈###≈≈#_._._._.#~S§~≈S ≈
#§≈#._._._..#~


You could see a kraken and 4 tentacles.

Vanquished Creatures
  A merfolk siren (D)
  4 neqoxecs (D)
  Menkaure (D)
  4 necrophages (D)
  4 scorpions (D)
14 creatures vanquished.

Vanquished Creatures (others)
  A great orb of eyes (D)
  3 shining eyes (D)
  3 slime creatures (D)
  A wyvern (D)
  A water moccasin (D)
9 creatures vanquished.

Grand Total: 23 creatures vanquished

Notes
Turn   | Place    | Note
-------+----------+-------------------------------------------
     0 | D        | dialectric the Octopode Transmuter began the quest for the
                  | Orb.
     0 | D        | Reached XP level 1. HP: 13/13 MP: 3/3
     1 | D        | Noticed a necrophage
     1 | D        | Noticed a necrophage
     1 | D        | Noticed a necrophage
     1 | D        | Noticed a necrophage
     7 | D        | Killed a necrophage
     8 | D        | Reached skill level 6 in Unarmed Combat
     8 | D        | Reached XP level 2. HP: 18/18 MP: 4/6
     8 | D        | Reached XP level 3. HP: 23/23 MP: 4/7
     8 | D        | Reached XP level 4. HP: 28/28 MP: 5/9
    10 | D        | Killed a necrophage
    11 | D        | Reached skill level 7 in Unarmed Combat
    11 | D        | Reached XP level 5. HP: 36/36 MP: 5/10
    13 | D        | Reached skill level 9 in Unarmed Combat
    15 | D        | Reached XP level 6. HP: 45/45 MP: 5/11
    48 | D        | Reached skill level 5 in Fighting
    48 | D        | Reached skill level 5 in Dodging
    48 | D        | Reached skill level 10 in Unarmed Combat
    51 | D        | Reached skill level 11 in Unarmed Combat
    58 | D        | Reached XP level 7. HP: 22/53 MP: 12/12
    84 | D        | Learned a level 3 spell: Spider Form
    85 | D        | Noticed a merfolk siren
    93 | D        | Killed a merfolk siren
    94 | D        | Reached skill level 13 in Unarmed Combat
    99 | D        | Noticed an ice statue
   102 | D        | Noticed Menkaure
   103 | D        | Found Pirch's Distillery.
   103 | D        | Found Uqutwit's Jewellery Emporium.
   105 | D        | Killed Menkaure
   106 | D        | Reached XP level 8. HP: 52/61 MP: 13/13
   123 | D        | Gained mutation: You are weak. (Str -2) [a neqoxec]
   127 | D        | Reached skill level 14 in Unarmed Combat
   133 | D        | Gained mutation: You have hidden genetic defects. [a
                  | neqoxec]
   149 | D        | Found a snail-covered altar of Cheibriados.
   150 | D        | Found a shadowy altar of Dithmenos.
   151 | D        | Found a white marble altar of Elyvilon.
   151 | D        | Found an ancient bone altar of Kikubaaqudgha.
   151 | D        | Found a viscous altar of Jiyva.
   152 | D        | Found a blossoming altar of Fedhas.
   152 | D        | Found a corrupted altar of Lugonu.
   152 | D        | Found a shimmering blue altar of Sif Muna.
   152 | D        | Found a hazy altar of Hepliaklqana.
   152 | D        | Found a sacrificial altar of Ru.
   153 | D        | Found an opulent altar of Gozag.
   153 | D        | Found a burning altar of Makhleb.
   153 | D        | Found a bloodstained altar of Trog.
   153 | D        | Found a shimmering altar of Xom.
   154 | D        | Found a sparkling altar of Nemelex Xobeh.
   154 | D        | Found a hide-covered altar of Uskayaw.
   155 | D        | Found a basalt altar of Yredelemnul.
   156 | D        | Found an iron altar of Okawaru.
   156 | D        | Found a radiant altar of Vehumet.
   156 | D        | Found a glowing silver altar of Zin.
   157 | D        | Found a stormy altar of Qazlal.
   157 | D        | Found an ornate altar of the Wu Jian Council.
   157 | D        | Found a glowing golden altar of the Shining One.
   163 | D        | Became a worshipper of Jiyva Jeim the Shapeless
   164 | D        | Killed a wyvern
   166 | D        | Killed a slime creature
   167 | D        | Killed a slime creature
   170 | D        | Killed a slime creature
   171 | D        | Killed a shining eye
   175 | D        | Killed a great orb of eyes
   177 | D        | Noticed a kraken
   177 | D        | Killed a shining eye
   179 | D        | Killed a shining eye
   180 | D        | Demolished by a tentacle

Illustrated notes

Levels and vault maps discovered:
D:        the_violet_keep_of_menkaure [sprint2_stairs_cluster_1,
          sprint2_shoproom, sprint2_temple, sprint2_basic_supplies,
          sprint2_obstacle_6, sprint2_obstacle_3, sprint2_obstacle_2,
          sprint2_obstacle_1, sprint2_obstacle_7, sprint2_timed_cluster_1,
          sprint2_smallroom_cluster_1, sprint2_smallroom_final_cluster_1,
          sprint2_transparent_cluster_1, sprint2_second_timed_cluster_1,
          sprint2_sniper_area_1, sprint2_heavy_combat_area_1,
          sprint2_mutation_trap_area_1, sprint2_forest_area_1,
          sprint2_light_combat_area_1, sprint2_behind_water_1,
          sprint2_near_end_vault_1]

Skill      XL: |  1  2  3  4  5  6  7  8 |
---------------+-------------------------+-----
Dodging        | 3 4 5 6 7 |  7.1
Unarmed Combat | 6 7 9 11 13 14 | 14.8
Spellcasting   | 3 |  3.3
Transmutations | 3 |  3.2
Fighting       | 3 4 6 7 8 |  8.9

Action                     |  1- 3 |  4- 6 |  7- 9 || total
---------------------------+-------+-------+-------++-------
  Melee: Unarmed           |     4 |    20 |    27 ||    51
         Punch             |       |     1 |     2 ||     3
         Constrict         |       |     2 |     5 ||     7
         Tentacles         |       |     1 |     6 ||     7
         Kick              |       |       |     5 ||     5
   Cast: Beastly Appendage |       |       |     1 ||     1
    Use: Potion            |     2 |     1 |     1 ||     4
   Stab: Sleeping          |       |       |     1 ||     1
 Armour: Skin              |     2 |     1 |       ||     3
  Dodge: Dodged            |       |     4 |     7 ||    11

Table legend: (Time is in decaauts)
 A = Elapsed time spent in this place.
 B = Non-inter-level travel time spent in this place.
 C = Inter-level travel time spent in this place.
 D = Time resting spent in this place.
 E = Time spent auto-exploring this place.
 F = Levels seen in this place.
 G = Mean time per level.
                   A        B        C        D        E       F      G
               +--------+--------+--------+--------+--------+-----+--------+
         Total |    175 |    175 |      0 |     33 |      0 |   1 |  175.0 |
       Dungeon |    175 |    175 |      0 |     33 |      0 |   1 |  175.0 |
               +--------+--------+--------+--------+--------+-----+--------+

Top non-repeatable levels by time:
       D: 175 daAuts
